Map: Romanticide LE

Players

LiquidClem (Clem)

  • Race: Terran Terran
  • League: Grandmaster
  • Spawn Location: 5:00

Neeblet (Neeb) - Winner!

  • Race: Protoss Protoss
  • League: Grandmaster
  • Spawn Location: 11:00

Event: DreamHack SC2 Masters 2020 Winter

VOD

Have the link to the VOD?

Description

Time

  • Played on: Nov. 10, 2020, 10:09 a.m.
  • Length: 9:19

All games in this series

Show
View Real Time Build Order
Export as new Build Order

LiquidClem Terran 

Build Orders:  

Get SALT Encoding   

  12  0:00  SCV  
  13  0:12  SCV  
  14  0:16  Supply Depot  
  14  0:24  SCV  
  15  0:31  Refinery  
  15  0:38  SCV  
  16  0:45  Barracks  
  16  0:50  SCV  
  17  1:03  SCV  
  18  1:07  Engineering Bay  
  18  1:15  SCV  
  19  1:32  Marine, Orbital Command  
  20  1:36  Factory  
  20  1:49  Supply Depot  
  20  1:50  Barracks Reactor  
  20  1:59  SCV  
  21  2:11  SCV  
  22  2:17  Command Center  
  22  2:29  Hellion x2  
  26  2:32  Reaper  
  26  2:35  Supply Depot  
  27  2:38  SCV  
  28  2:51  SCV, Hellion  
  31  2:57  Hellion  
  33  2:59  Barracks  
  33  3:06  Refinery  
  33  3:09  SCV  
  34  3:21  SCV  
  34  3:25  Factory Tech Lab  
  34  3:26  Marine x2  
  37  3:30  Orbital Command  
  37  3:33  SCV  
  37  3:43  Cyclone  
  37  3:44  Marine  
  37  3:45  SCV  
  40  3:52  Marine x2  
  40  3:55  SCV  
  40  3:58  SCV  
  40  3:59  Supply Depot  
  40  4:00  Barracks  
  40  4:02  Marine  
  41  4:08  SCV  
  41  4:09  Marine  
  42  4:10  SCV  
  44  4:19  Starport, Stimpack  
  44  4:20  Marine, Factory Tech Lab  
  44  4:21  Marine  
  46  4:24  SCV  
  46  4:25  SCV  
  46  4:28  Marine  
  49  4:36  SCV  
  49  4:37  SCV  
  51  4:40  Marine, Siege Tank  
  51  4:43  Supply Depot  
  55  4:47  Marine  
  55  4:48  Marine x2, SCV  
  55  4:50  SCV  
  60  4:53  Refinery  
  60  4:57  Marine  
  60  4:58  Engineering Bay  
  61  5:04  Medivac  
  61  5:05  Marine x2  
  65  5:09  Supply Depot  
  65  5:12  Siege Tank  
  65  5:14  Marine  
  68  5:15  Marine  
  68  5:21  Supply Depot  
  70  5:25  Terran Infantry Weapons Level 1  
  70  5:31  Marine x2, SCV x2  
  70  5:32  Marine, Supply Depot  
  73  5:38  Marine  
  73  5:43  SCV x2  
  73  5:49  Marine x2, Siege Tank, Starport Reactor  
  80  5:51  Supply Depot  
  80  5:55  SCV x2, Marine  
  83  5:58  Marine  
  83  5:59  Combat Shield  
  84  6:06  Marine  
  84  6:07  Marine  
  86  6:13  SCV x2, Marine  
  86  6:17  Barracks  
  87  6:18  Barracks  
  87  6:22  Siege Tank  
  87  6:25  Marine x2  
  90  6:32  Supply Depot, Medivac  
  94  6:34  Medivac  
  94  6:38  Marauder  
  94  6:39  Marine  
  97  6:49  Marine x2  
  97  6:51  Supply Depot, SCV  
  97  6:52  SCV  
  101  6:57  Marine  
  101  7:01  Siege Tank  
  105  7:05  Marauder  
  105  7:06  Supply Depot  
  105  7:07  Viking  
  109  7:13  Marine x2  
  111  7:17  Marine  
  111  7:18  Marine x2  
  113  7:26  Marauder  
  92  7:33  Siege Tank  
  92  7:34  Marine x2  
  83  7:40  Marine  
  83  7:41  Marine x2  
  82  7:48  Marauder  
  82  7:50  Viking x2  
  83  7:51  Marine  
  80  7:58  SCV x2  
  80  7:59  Marine x2  
  80  8:00  Barracks Tech Lab  
  80  8:01  Barracks Tech Lab  
  82  8:06  Siege Tank  
  82  8:09  Marauder, Marine  
  82  8:11  Supply Depot, SCV x2  
  89  8:13  Refinery  
  89  8:18  Marine  
  89  8:19  Concussive Shells  
  90  8:21  Marine, Marauder  
  90  8:25  Marauder  
  95  8:31  Marauder, Marine  
  98  8:37  Viking  
  98  8:40  Marine  
  101  8:42  Marauder  
  101  8:46  Missile Turret  
  101  8:47  Marine, Bunker  
  104  8:48  Bunker  
  104  8:49  Marauder  
  108  8:57  Marine  
  108  8:58  Marauder  
Show
View Real Time Build Order
Export as new Build Order

Neeblet Protoss - Winner!

Build Orders: 1 Gate Expand, Phoenix Opening, Colossus Rush 

Get SALT Encoding   

  12  0:00  Probe  
  13  0:12  Probe  
  14  0:18  Pylon  
  14  0:24  Probe (Chrono Boost)  
  15  0:37  Probe (Chrono Boost)  
  15  0:38  Gateway  
  16  0:45  Probe (Chrono Boost)  
  16  0:47  Assimilator  
  17  0:51  Probe  
  18  1:03  Probe  
  19  1:15  Probe  
  20  1:25  Cybernetics Core  
  20  1:33  Nexus  
  20  1:36  Probe  
  21  1:42  Pylon  
  21  1:48  Assimilator  
  21  1:49  Probe  
  22  1:58  Adept (Chrono Boost)  
  22  2:01  Probe (Chrono Boost)  
  25  2:13  Probe (Chrono Boost)  
  26  2:20  Probe (Chrono Boost)  
  26  2:21  Adept  
  29  2:27  Probe  
  29  2:28  Stargate  
  30  2:32  Pylon  
  30  2:37  Warp Gate  
  30  2:40  Probe (Chrono Boost)  
  30  2:43  Shield Battery  
  31  2:46  Probe (Chrono Boost)  
  32  2:54  Adept  
  32  2:57  Probe (Chrono Boost)  
  32  2:58  Probe (Chrono Boost)  
  36  3:03  Shield Battery  
  36  3:05  Probe  
  37  3:06  Probe  
  38  3:13  Phoenix (Chrono Boost)  
  38  3:17  Probe  
  38  3:18  Probe  
  42  3:25  Pylon  
  44  3:29  Phoenix (Chrono Boost)  
  44  3:31  Probe  
  44  3:33  Probe  
  46  3:43  Probe  
  46  3:46  Probe  
  47  3:52  Phoenix (Chrono Boost)  
  49  3:55  Probe  
  49  3:58  Assimilator x2, Probe  
  49  4:00  Robotics Facility  
  51  4:08  Probe  
  52  4:10  Probe  
  52  4:13  Pylon  
  52  4:16  Phoenix (Chrono Boost)  
  55  4:20  Probe  
  55  4:22  Probe  
  57  4:32  Probe  
  57  4:34  Probe  
  57  4:35  Sentry  
  61  4:38  Phoenix (Chrono Boost)  
  61  4:39  Nexus  
  61  4:44  Probe  
  64  4:46  Pylon  
  64  4:47  Probe  
  66  4:56  Robotics Bay  
  66  4:59  Observer (Chrono Boost)  
  66  5:00  Probe  
  66  5:01  Probe  
  68  5:11  Gateway  
  68  5:12  Probe  
  68  5:13  Gateway  
  69  5:16  Immortal (Chrono Boost)  
  69  5:19  Probe  
  69  5:20  Sentry  
  76  5:24  Pylon  
  76  5:26  Pylon  
  76  5:29  Probe  
  77  5:40  Probe  
  77  5:41  Colossus (Chrono Boost)  
  79  5:42  Probe  
  85  5:51  Stalker  
  85  5:52  Probe  
  85  5:56  Extended Thermal Lance (Chrono Boost)  
  88  5:57  Forge  
  88  5:59  Forge  
  88  6:03  Probe x2  
  90  6:04  Probe  
  91  6:15  Stalker x3, Probe  
  98  6:19  Probe  
  98  6:23  Shield Battery  
  98  6:25  Colossus (Chrono Boost)  
  105  6:35  Probe  
  106  6:41  Gateway  
  106  6:44  Gateway  
  106  6:46  Gateway  
  106  6:50  Adept, Protoss Ground Armor Level 1 (Chrono Boost), Stalker  
  106  6:53  Pylon  
  108  6:56  Pylon, Protoss Ground Weapons Level 1 (Chrono Boost)  
  108  6:58  Shield Battery  
  108  6:59  Pylon  
  108  7:05  Colossus (Chrono Boost)  
  114  7:15  Pylon  
  114  7:16  Pylon  
  112  7:24  Stalker x2  
  112  7:28  Probe  
  97  7:32  Zealot  
  97  7:35  Probe  
  97  7:36  Zealot  
  92  7:37  Probe  
  92  7:41  Zealot x2  
  90  7:49  Stalker x2  
  90  7:50  Probe  
  90  7:51  Probe  
  90  7:55  Stalker  
  90  7:56  Colossus (Chrono Boost)  
  92  7:59  Probe  
  92  8:00  Assimilator  
  92  8:01  Assimilator  
  92  8:03  Zealot x3  
  99  8:10  Twilight Council  
  98  8:13  Photon Cannon  
  98  8:14  Shield Battery  
  98  8:16  Sentry  
  100  8:21  Pylon  
  100  8:23  Zealot, Sentry  
  100  8:24  Zealot  
  100  8:25  Zealot x2  
  110  8:34  Gateway  
  110  8:38  Gateway  
  110  8:40  Stalker  
  112  8:44  Stalker x2  
  112  8:47  Zealot  
  112  8:48  Zealot x2  
  122  8:53  Pylon  
  122  8:54  Pylon  
  114  9:05  Stalker  
  114  9:09  Stalker x5  
Tags
 
Add a new tag
Caveats
  • Supply blocks, unpowered buildings, or Contaminate may cause inaccurate times.
  • Supply counts are checked every 10 seconds.